[Event "Team 45 45 League T23"]
[Site "Internet Chess Club"]
[Date "2004.07.18"]
[Round "6"]
[White "littleboo"]
[Black "EyeAm"]
[Result "0-1"]
[WhiteElo "1187"]
[BlackElo "1269"]
[TimeControl "2700+45"]

1. e4 e5 2. Nf3 Nf6 3. Nc3 Nc6 4. Bc4 Be7 5. O-O O-O 6. d3 d6 7. h3 Na5 8. Bb5
a6 9. Ba4 b5 10. b4 bxa4 11. bxa5 c5 12. Nxa4 Qxa5 13. c3 Bd7 14. Nb2 Qxc3 15.
Rb1 Qa3 16. Ra1 Qa5 17. Nc4 Qc7 18. Rb1 Rab8 19. Bb2 Rb7 20. Bc3 Rfb8 21. Qc2
Qc8 22. Rxb7 Rxb7 23. Kh1 Bxh3 24. gxh3 Qxh3+ 25. Nh2 Ng4 26. f4 Nxh2 27. Rf2
Ng4+ 28. Kg1 Nxf2 29. Qxf2 Rb1+ 30. Be1 Bh4 31. fxe5 Bxf2+ {White resigns} 0-1

[Event "Team 45 45 League T23"]
[Site "Internet Chess Club"]
[Date "2004.07.22"]
[Round "6"]
[White "Girlprodigy"]
[Black "clarinetref"]
[Result "1/2-1/2"]
[WhiteElo "1502"]
[BlackElo "1428"]
[TimeControl "2700+45"]

1. e4 c5 2. Nf3 Nc6 3. d4 cxd4 4. Nxd4 Nf6 5. Nc3 g6 6. Nxc6 bxc6 7. Bd3 Bg7 8.
Be3 d6 9. h3 O-O 10. Qd2 e6 11. Bh6 d5 12. Bxg7 Kxg7 13. exd5 Nxd5 14. Nxd5 exd5
15. O-O Kg8 16. Qh6 Qf6 17. Rab1 a5 18. b3 Ba6 19. Bxa6 Rxa6 20. Rfe1 Qc3 21.
Re2 c5 22. Qe3 Qxe3 23. Rxe3 Rb8 24. c3 d4 25. cxd4 cxd4 26. Rd3 Rd8 27. Rc1 a4
28. Rc4 axb3 29. axb3 Ra1+ 30. Kh2 Ra2 31. f4 Ra3 32. Rb4 Kg7 33. Kg3 Rd5 34.
Kf3 Rd7 35. g4 h6 36. Ke4 Ra5 37. Rbxd4 f5+ 38. Kf3 Rxd4 39. Rxd4 Ra3 40. Rb4
Kf6 41. Ke3 fxg4 42. hxg4 Ra5 43. Ra4 Rc5 44. Kd4 Rc8 45. b4 h5 46. gxh5 gxh5
47. b5 Ke6 48. b6 Kd6 49. f5 h4 50. f6 h3 51. Ra1 Kc6 52. Rb1 h2 53. Ke5 Rb8 54.
Rh1 Rh8 55. f7 Rf8 56. Ke6 Kxb6 {Game drawn by mutual agreement} 1/2-1/2

[Event "Team 45 45 League T23"]
[Site "Internet Chess Club"]
[Date "2004.07.19"]
[Round "6"]
[White "jientho"]
[Black "Lothar"]
[Result "0-1"]
[WhiteElo "1256"]
[BlackElo "1529"]
[TimeControl "2700+45"]

1. e4 e6 2. c4 c5 3. Nc3 Nc6 4. Nf3 d6 5. d4 cxd4 6. Nxd4 Nxd4 7. Qxd4 e5 8. Qd1
b6 9. Be2 Nf6 10. Bg5 Be7 11. Bxf6 Bxf6 12. Nb5 Be7 13. O-O O-O 14. Qd3 a6 15.
Nc3 Bb7 16. Nd5 Bxd5 17. cxd5 Qd7 18. Rac1 Rfc8 19. Qe3 Rxc1 20. Rxc1 Qd8 21.
Rc6 b5 22. Qc3 g6 23. Bg4 h5 24. Rc8 Rxc8 25. Bxc8 a5 26. Ba6 Qb6 27. Qc6 Qd4
28. Qxb5 Qxe4 29. b3 Qb1+ 30. Qf1 Qxa2 31. Bc4 Qd2 32. h3 Bd8 33. Qa1 Bb6 34.
Qf1 e4 35. Qe2 e3 36. fxe3 Bxe3+ 37. Kf1 Qd4 38. Bd3 Qf4+ 39. Qf3 Qb4 40. Qxe3
Qxb3 41. Qf3 a4 42. Qe4 a3 43. Bc2 Qb2 44. Qa4 a2 45. Qa8+ Kg7 {White forfeits
on time} 0-1

[Event "Team 45 45 League T23"]
[Site "Internet Chess Club"]
[Date "2004.07.17"]
[Round "6"]
[White "MrJoshua"]
[Black "slakkjaw"]
[Result "0-1"]
[WhiteElo "1129"]
[BlackElo "1245"]
[TimeControl "2700+45"]

1. e4 e5 2. Bc4 Nf6 3. Nc3 Bc5 4. Nf3 Nc6 5. Ng5 d5 6. exd5 Nxd5 7. Bxd5 Qxg5 8.
Qf3 Nd8 9. d4 Qe7 10. dxc5 Qxc5 11. Be3 Qe7 12. O-O-O O-O 13. Kb1 c6 14. Be4 g6
15. Bh6 Re8 16. Rhe1 Ne6 17. Bd3 Nd4 18. Qe3 Nf5 19. Bxf5 Bxf5 20. Ne4 b6 21.
Nf6+ Qxf6 22. Qc3 g5 23. Qf3 e4 24. Qh5 Rad8 25. Qxg5+ Qxg5 26. Bxg5 Rxd1+ 27.
Rxd1 Bg4 28. Rd6 c5 29. b3 Kg7 30. h3 Be6 31. g4 h5 32. gxh5 Bxh3 33. h6+ Kh7
34. Rf6 Rf8 35. Kb2 Be6 36. Kc3 b5 37. Be3 b4+ 38. Kb2 c4 39. Bc5 c3+ 40. Kc1
Rg8 41. f3 exf3 42. Rxf3 Kxh6 43. Rh3+ Bxh3 {White resigns} 0-1

[Event "Team 45 45 League T23"]
[Site "Internet Chess Club"]
[Date "2004.07.18"]
[Round "6"]
[White "Mila-Reina"]
[Black "DayDream01"]
[Result "1-0"]
[WhiteElo "1229"]
[BlackElo "1046"]
[TimeControl "2700+45"]

1. e4 e5 2. Nf3 Nf6 3. Nc3 d6 4. d4 c6 5. Bc4 Be6 6. d5 b5 7. Bb3 Bg4 8. h3 Bh5
9. a3 Qb6 10. O-O Na6 11. Be3 Qc7 12. Qd3 Bxf3 13. g3 cxd5 14. Nxb5 Nc5 15. Qc3
Qc6 16. Ba4 Qa6 17. Nc7+ Kd8 18. Nxa6 Nxa4 19. Qa5+ Ke7 20. Qxa4 Bxe4 21. Nc7
Rc8 22. Qa5 Rb8 23. b4 Bxc2 24. Qxa7 Rd8 25. Bb6 Rd7 26. Qa5 d4 27. Nd5+ Ke6 28.
Nc7+ Ke7 29. Rfc1 Be4 30. Re1 g6 31. Qa4 Bh6 32. Rf1 Nd5 33. Nxd5+ Bxd5 34. Qb5
Ke6 35. Rae1 Rb8 36. Qa5 Rdb7 37. Bxd4 Bc4 38. Rxe5+ dxe5 39. Qxe5+ Kd7 40. Re1
Re8 41. Qxe8+ Kd6 42. Bc5+ Kd5 43. Rd1+ {Black resigns} 1-0

[Event "Team 45 45 League T23"]
[Site "Internet Chess Club"]
[Date "2004.07.17"]
[Round "6"]
[White "drawyah"]
[Black "Turzo"]
[Result "0-1"]
[WhiteElo "2309"]
[BlackElo "2332"]
[TimeControl "2700+45"]

1. e4 c5 2. Nf3 e6 3. c3 d5 4. exd5 Qxd5 5. d4 Nf6 6. Na3 a6 7. Nc4 Nbd7 8. Be2
cxd4 9. Qxd4 Bc5 10. Qh4 b5 11. Na5 Ne5 12. Nxe5 Qxe5 13. Bf4 Qe4 14. Nb3 Qxg2
15. Rf1 Be7 16. Be5 Bb7 17. O-O-O Nd7 18. Qd4 Nxe5 19. Qxe5 Qg5+ 20. f4 Qxe5 21.
fxe5 Rc8 22. Na5 Bd5 23. a4 Bb4 24. Rxd5 exd5 25. Nb7 Ke7 26. axb5 axb5 27. Bxb5
Rc7 {White resigns} 0-1

[Event "Team 45 45 League T23"]
[Site "Internet Chess Club"]
[Date "2004.07.16"]
[Round "6"]
[White "MrGolden"]
[Black "Wolfenspitz"]
[Result "0-1"]
[WhiteElo "1947"]
[BlackElo "2028"]
[TimeControl "2700+45"]

1. e4 c5 2. Nf3 d6 3. d4 cxd4 4. Nxd4 Nf6 5. Nc3 g6 6. Be3 Bg7 7. f3 O-O 8. Qd2
Nc6 9. Bc4 Bd7 10. O-O-O Rc8 11. Bb3 Ne5 12. h4 h5 13. Bg5 Rc5 14. Kb1 a5 15. g4
a4 16. Nxa4 Bxa4 17. Bxa4 Nc4 18. Qb4 hxg4 19. Bxf6 Bxf6 20. fxg4 Qa5 21. Qxa5
Rxa5 22. Bb3 Ne3 23. Rd3 Nxg4 24. Rd2 Rh5 25. Nf3 Ne5 26. Nxe5 Bxe5 27. Rg2 Kg7
28. a4 Rfh8 29. Bd5 b6 30. Rh3 Rxh4 31. Rb3 Bd4 32. Rb5 Rh2 33. Rg3 R8h3 34.
Rxh3 Rxh3 35. c3 Bf2 36. Kc2 e6 37. Bc4 Rh2 38. Kd3 Kf6 39. Bb3 g5 40. Bd1 Rh4
41. Ke2 Rf4 42. Kf1 g4 43. Kg2 Be3 44. Kg3 Rxe4 45. Bxg4 Rxa4 46. Kf3 Bc5 47. b4
Bg1 48. Kg2 Be3 49. Rh5 Bd2 50. Rb5 Bxc3 51. Rxb6 Bxb4 52. Bd1 Ra2+ 53. Kf3 Bc5
54. Rb3 d5 55. Rc3 Bf8 56. Rc8 Bh6 57. Rh8 Bg7 58. Rh5 e5 59. Kg4 Ke6 60. Bb3
Rb2 61. Bd1 d4 62. Bf3 d3 63. Rh1 d2 64. Be4 Rb4 65. Kf3 Rd4 66. Bc2 f5 67. Ke2
e4 68. Rg1 Bf6 69. Rd1 Bg5 70. Rg1 Bf4 71. Bb3+ Ke5 72. Rg6 Rd8 73. Re6+ Kd4 74.
Rf6 Rb8 75. Bc2 Ke5 76. Rf7 Rh8 77. Re7+ Kd6 78. Rf7 Rh2+ 79. Kd1 Rh1+ 80. Ke2
Re1+ 81. Kf2 e3+ 82. Kf3 Rf1+ 83. Ke2 Rf2+ 84. Kd3 e2 {White resigns} 0-1

[Event "Team 45 45 League T23"]
[Site "Internet Chess Club"]
[Date "2004.07.15"]
[Round "6"]
[White "Irvin"]
[Black "bbbad"]
[Result "1-0"]
[WhiteElo "1789"]
[BlackElo "1638"]
[TimeControl "2700+45"]

1. e4 d5 2. exd5 Qxd5 3. Nc3 Qa5 4. d4 Nf6 5. Bd3 c6 6. h3 Bf5 7. Nf3 e6 8. Bd2
Bxd3 9. cxd3 Be7 10. Ne4 Qb6 11. O-O O-O 12. Bg5 Nbd7 13. Qa4 Nd5 14. Bxe7 Nxe7
15. Ne5 Rfd8 16. Rad1 Nf5 17. Ng5 f6 18. Nc4 Qb5 19. Qxb5 cxb5 20. Nxe6 bxc4 21.
Nxd8 Rxd8 22. dxc4 Nb6 23. c5 Nc4 24. b3 Na5 25. d5 Ne7 26. d6 Nf5 27. g4 Nh4
28. f4 Nc6 29. a3 a5 30. Rb1 Kf7 31. Kf2 Ng6 32. Kg3 Ke8 33. b4 axb4 34. axb4
Nd4 35. Rfe1+ Kf8 36. f5 Ne5 37. Re4 Nb5 38. Ra1 Nc3 39. Ree1 Ke8 40. Kf4 Kd7
41. Rxe5 fxe5+ 42. Kxe5 Re8+ 43. Kd4 Nb5+ 44. Kc4 Kc6 45. Kd3 Kd5 46. Rd1 Rd8
47. Re1 Rd7 48. g5 Rf7 49. f6 gxf6 50. gxf6 Nxd6 51. cxd6 Kxd6 52. Rf1 Ke6 53.
Kd4 b6 54. b5 Rd7+ 55. Ke4 Kf7 56. Rf5 Rc7 57. Kf4 Rc3 58. h4 h6 59. Ke5 Re3+
60. Kd6 Re6+ 61. Kc7 h5 62. Rxh5 Rxf6 63. Rh7+ Kg6 64. Rd7 Kh5 65. Rd6 Rf7+ 66.
Kxb6 Kxh4 67. Kc6 {Black resigns} 1-0

[Event "Team 45 45 League T23"]
[Site "Internet Chess Club"]
[Date "2004.07.17"]
[Round "6"]
[White "elnik"]
[Black "fileman"]
[Result "0-1"]
[WhiteElo "1925"]
[BlackElo "2045"]
[TimeControl "2700+45"]

1. d4 Nc6 2. c4 e5 3. d5 Nce7 4. e4 Ng6 5. Nc3 Bc5 6. g3 a5 7. h4 h6 8. Bh3 d6
9. Qe2 N8e7 10. Be3 b6 11. h5 Nf8 12. Bxc8 Qxc8 13. Nf3 f5 14. Bxc5 bxc5 15.
exf5 Nxf5 16. Qe4 Nh7 17. Nh4 O-O 18. Ng6 Rf7 19. Nb5 Ng5 20. Qc2 Nf3+ 21. Kd1
N5d4 22. Nxd4 Nxd4 23. Qd2 Qg4+ 24. Kc1 Ne2+ 25. Kb1 Qe4+ {White resigns} 0-1

[Event "Team 45 45 League T23"]
[Site "Internet Chess Club"]
[Date "2004.07.21"]
[Round "6"]
[White "Plattner"]
[Black "azbycx"]
[Result "1/2-1/2"]
[WhiteElo "1764"]
[BlackElo "1930"]
[TimeControl "2700+45"]

1. e4 c5 2. Nc3 Nc6 3. f4 g6 4. Nf3 Bg7 5. Bc4 e6 6. d3 Nge7 7. O-O O-O 8. a3 a6
9. Ba2 b5 10. Qe1 Bb7 11. Rb1 Qc7 12. Ne2 d5 13. Ng3 Rfe8 14. Qf2 Rac8 15. Nh4
Bd4 16. Be3 Bxe3 17. Qxe3 d4 18. Qf2 Kg7 19. f5 Ng8 20. Qd2 Qe7 21. Nh5+ Kh8 22.
Bxe6 Qxh4 23. Bxc8 Bxc8 24. fxg6 fxg6 25. Ng3 Nf6 26. Qf4 Qxf4 27. Rxf4 Kg7 28.
h3 Ne5 29. Rbf1 Rf8 30. Ne2 Be6 31. g4 g5 32. R4f2 h5 33. Ng3 hxg4 34. Nh5+ Nxh5
35. Rxf8 Nf3+ 36. R1xf3 gxf3 37. Rxf3 Nf4 38. Kh2 Kg6 39. h4 Nh5 40. hxg5 Kxg5
41. Kg2 Nf4+ 42. Kf2 Bg4 43. Rg3 Kh4 44. e5 Kg5 45. Ke1 Kf5 46. Kd2 Nd5 47. Rg1
Ne3 48. Rh1 Kxe5 49. Rh6 a5 50. a4 bxa4 51. Ra6 Bd1 52. Rxa5 Bxc2 53. Rxc5+ Kf4
54. Rc8 Bb3 55. Rf8+ Nf5 56. Re8 Nd6 57. Re1 Kf5 58. Re7 Kf6 59. Re1 Kf5 {Game
drawn by mutual agreement} 1/2-1/2

[Event "Team 45 45 League T23"]
[Site "Internet Chess Club"]
[Date "2004.07.18"]
[Round "6"]
[White "deathmage"]
[Black "BillyNoMates"]
[Result "1-0"]
[WhiteElo "1677"]
[BlackElo "1764"]
[TimeControl "2700+45"]

1. e4 e6 2. d4 d5 3. Nc3 Bb4 4. e5 c5 5. a3 Bxc3+ 6. bxc3 Qc7 7. Nf3 Ne7 8. a4
Bd7 9. Be2 Nbc6 10. O-O O-O 11. Ba3 c4 12. Ng5 f6 13. Bd6 Qa5 14. exf6 Rxf6 15.
Qe1 Ng6 16. Bg4 Re8 17. f4 Qd8 18. Qe3 h6 19. Nh3 e5 20. Bxd7 Qxd7 21. Bxe5
Ncxe5 22. fxe5 Ra6 23. Qg3 Ree6 24. Nf4 Nxf4 25. Rxf4 Re7 26. Raf1 Qe8 27. Qf3
Kh7 28. Qxd5 Rg6 29. Rf8 Rxg2+ 30. Qxg2 Qh5 31. Qe4+ g6 32. R8f7+ Rxf7 33. Rxf7+
Kg8 34. Rf1 Qg5+ 35. Kh1 Qh5 36. e6 {Black resigns} 1-0

[Event "Team 45 45 League T23"]
[Site "Internet Chess Club"]
[Date "2004.07.20"]
[Round "6"]
[White "fuzzface"]
[Black "e4ia"]
[Result "0-1"]
[WhiteElo "1342"]
[BlackElo "1488"]
[TimeControl "2700+45"]

1. e4 c5 2. Nf3 Nc6 3. c4 g6 4. a3 Bg7 5. Nc3 Nf6 6. Be2 O-O 7. O-O d6 8. h3 Bd7
9. d3 a6 10. Nd5 Rb8 11. Rb1 b5 12. cxb5 axb5 13. b3 Nxd5 14. exd5 Nd4 15. Bb2
Nxe2+ 16. Qxe2 Re8 17. Bxg7 Kxg7 18. Ng5 e6 19. Qb2+ e5 20. f4 f6 21. fxe5 Rxe5
22. Ne4 Bf5 23. Rbe1 Rb7 24. g4 Bxe4 25. Rxe4 Rxd5 26. Rfe1 Re5 27. Qg2 Rbe7 28.
Rxe5 dxe5 29. Qc6 Qd4+ 30. Kh1 Qxd3 31. Qxc5 Qxh3+ 32. Kg1 Qxg4+ 33. Kf1 Rd7 34.
Qxb5 Qf3+ 35. Kg1 Rd2 36. Qf1 Qg3+ {White resigns} 0-1

[Event "Team 45 45 League T23"]
[Site "Internet Chess Club"]
[Date "2004.07.19"]
[Round "6"]
[White "Two-DogMan"]
[Black "SilverKnight"]
[Result "1-0"]
[WhiteElo "1453"]
[BlackElo "1330"]
[TimeControl "2700+45"]

1. e4 e5 2. Nf3 Nc6 3. Nc3 Nf6 4. Bc4 Nxe4 5. Nxe4 d5 6. Qe2 dxc4 7. Qxc4 Be7 8.
Qe2 Bg4 9. d3 Nd4 10. Qd1 Nxf3+ 11. gxf3 Bh3 12. Rg1 O-O 13. Bh6 Bf6 14. Nxf6+
Qxf6 15. Bxg7 Qb6 16. Bxe5+ Qg6 17. Rxg6+ fxg6 18. Qd2 Rae8 19. f4 Bg4 20. Kf1
Rf7 21. Re1 Rfe7 22. Qc3 h6 23. Qc4+ Kh7 24. Re3 Bf5 25. Bxc7 Be6 26. Re4 Bxc4
27. Rxc4 Re1+ 28. Kg2 R8e2 29. Be5 g5 30. d4 gxf4 31. Bxf4 Re4 32. Bg3 Rd1 33.
c3 Rd2 34. Rc7+ Kg6 35. Rxb7 Ree2 36. Rxa7 Rxb2 37. d5 Rbc2 38. Rc7 Rxa2 39. d6
Rad2 40. d7 Kf5 41. Bh4 Kg4 42. d8=Q Rxd8 43. Bxd8 h5 44. Rg7+ Kf5 45. Rg5+
{Black resigns} 1-0

[Event "Team 45 45 League T23"]
[Site "Internet Chess Club"]
[Date "2004.07.16"]
[Round "6"]
[White "peterts"]
[Black "klt713"]
[Result "0-1"]
[WhiteElo "1047"]
[BlackElo "1314"]
[TimeControl "2700+45"]

1. e4 c5 2. f4 e6 3. Nc3 Nc6 4. Nf3 d6 5. d4 cxd4 6. Nxd4 Nxd4 7. Qxd4 Ne7 8. f5
Nc6 9. Qf2 Be7 10. Bc4 O-O 11. O-O a6 12. Nd5 exd5 13. exd5 Ne5 14. Be2 b5 15.
Bf4 Bb7 16. f6 Bxf6 17. Bxe5 Bxe5 18. Bd3 Bxd5 19. Qf5 g6 20. Qh3 Qb6+ 21. Kh1
Bxb2 22. Rae1 Be5 23. Rf5 Be6 24. Qh6 Bxf5 25. Bxf5 Qf2 26. Qc1 Qxf5 27. Rf1 Qh5
28. g3 Bxg3 29. Qd2 Rae8 30. Qg2 Be5 31. Qd5 Qxh2# {White checkmated} 0-1

[Event "Team 45 45 League T23"]
[Site "Internet Chess Club"]
[Date "2004.07.20"]
[Round "6"]
[White "SandiaCaveMan"]
[Black "lucke"]
[Result "0-1"]
[WhiteElo "1275"]
[BlackElo "1479"]
[TimeControl "2700+45"]

1. d4 d5 2. Nf3 Nc6 3. e3 Nf6 4. c4 b6 5. Nc3 Ba6 6. b3 e6 7. a3 Bd6 8. Bd3 e5
9. Nxe5 Nxe5 10. dxe5 Bxe5 11. Bb2 d4 12. Ne4 c5 13. f4 Bc7 14. Qe2 Bb7 15.
Nxf6+ Qxf6 16. exd4+ Kd8 17. Kd1 cxd4 18. Qf2 Qxf4 19. Qxf4 Bxf4 20. Bxd4 f6 21.
Ra2 Kc7 22. Rf2 Be5 23. Bxe5+ fxe5 24. Rf7+ Kb8 25. Rxg7 Rd8 26. Kc2 e4 27. Be2
e3 28. Rd1 Rf8 29. Rdd7 Bc6 30. Rde7 Re8 31. Rxe8+ Bxe8 32. Re7 Bc6 33. g3 a5
34. Rxh7 Be4+ 35. Bd3 Bxh7 36. Bxh7 Ra7 37. Bd3 Rf7 38. Kd1 Rf2 39. h4 Rh2 40.
b4 axb4 41. axb4 Rd2+ {White resigns} 0-1

[Event "Team 45 45 League T23"]
[Site "Internet Chess Club"]
[Date "2004.07.19"]
[Round "6"]
[White "markev"]
[Black "mrmarck"]
[Result "1-0"]
[WhiteElo "1316"]
[BlackElo "1325"]
[TimeControl "2700+45"]

1. e4 e5 2. Nf3 d6 3. h3 Nc6 4. Bc4 b6 5. d3 Bb7 6. Ng5 Nh6 7. Qf3 Qe7 8. Nc3
Nd4 9. Qd1 c6 10. Ne2 b5 11. Bb3 a5 12. Nxd4 exd4 13. a4 Qf6 14. O-O Be7 15. f4
g6 16. e5 dxe5 17. fxe5 Qxe5 18. Nxf7 Nxf7 19. Bxf7+ Kd7 20. Qg4+ Kc7 21. Bf4
{Black resigns} 1-0

[Event "Team 45 45 League T23"]
[Site "Internet Chess Club"]
[Date "2004.07.19"]
[Round "6"]
[White "NineMilly"]
[Black "rpgrossman"]
[Result "1/2-1/2"]
[WhiteElo "1270"]
[BlackElo "1112"]
[TimeControl "2700+45"]

1. d4 Nf6 2. Nc3 Nc6 3. Nf3 g6 4. Bg5 Bg7 5. e4 d6 6. Bb5 Bg4 7. Bxc6+ bxc6 8.
O-O d5 9. e5 Ne4 10. Nxe4 dxe4 11. h3 exf3 12. hxg4 fxg2 13. Kxg2 c5 14. c3 Qd5+
15. Qf3 O-O-O 16. Bxe7 cxd4 17. Bxd8 Qxd8 18. Qa8+ Kd7 19. Qd5+ Kc8 20. Qxd4 h5
21. Qxd8+ Kxd8 22. Rad1+ Kc8 23. gxh5 Rxh5 24. f4 f6 25. Rfe1 fxe5 26. Rxe5 Bxe5
27. fxe5 Rxe5 28. Kf3 Rf5+ 29. Kg2 g5 30. Rh1 Kb7 31. Rh5 Rb5 32. b3 a6 33. c4
Ra5 34. a4 Kb6 35. Rh6+ c6 36. Rg6 Kb7 37. Rg7+ Kb6 38. Rg6 Kc7 39. Kf3 Kb6 40.
Ke4 Kc5 41. Rxg5+ Kb4 42. Rg3 Rh5 43. Rd3 Rh4+ 44. Ke5 Rh5+ 45. Kd6 Rh6+ 46. Ke5
Rh5+ 47. Kd6 Rh6+ 48. Ke5 Rh5+ 49. Kf4 Rh4+ 50. Kg5 Rh2 51. Kf5 Rb2 52. Rd6 Rf2+
53. Ke5 Re2+ 54. Kf6 Rf2+ 55. Ke7 Kc5 56. b4+ Kxb4 57. Rxc6 Rc2 58. Rb6+ Ka5 59.
Rc6 Kxa4 60. Rxa6+ Kb4 61. Rc6 Rxc4 {Game drawn by mutual agreement} 1/2-1/2

[Event "Team 45 45 League T23"]
[Site "Internet Chess Club"]
[Date "2004.07.18"]
[Round "6"]
[White "cazj"]
[Black "Tom45"]
[Result "1-0"]
[WhiteElo "1165"]
[BlackElo "1082"]
[TimeControl "2700+45"]

1. e4 e5 2. Nf3 Nc6 3. Bc4 Nf6 4. Nc3 Bc5 5. d3 d6 6. Bg5 O-O 7. Nd5 Bg4 8.
Nxf6+ gxf6 9. Bh6 Re8 10. O-O Nd4 11. c3 Bxf3 12. gxf3 Ne6 13. Bxe6 fxe6 14. f4
exf4 15. Qg4+ Kf7 16. Qg7# {Black checkmated} 1-0

[Event "Team 45 45 League T23"]
[Site "Internet Chess Club"]
[Date "2004.07.19"]
[Round "6"]
[White "camembert"]
[Black "Stav"]
[Result "0-1"]
[WhiteElo "1798"]
[BlackElo "1693"]
[TimeControl "2700+45"]

1. e4 d6 2. d4 Nf6 3. Nc3 e5 4. Nf3 Nbd7 5. Bc4 Be7 6. Ng5 O-O 7. Bxf7+ Rxf7 8.
Ne6 Qe8 9. Nxc7 Qf8 10. Nxa8 Ng4 11. f3 Bh4+ 12. Kf1 exd4 13. Ne2 Rxf3+ 14. gxf3
Qxf3+ {White resigns} 0-1

[Event "Team 45 45 League T23"]
[Site "Internet Chess Club"]
[Date "2004.07.18"]
[Round "6"]
[White "mogwop"]
[Black "tjet"]
[Result "1/2-1/2"]
[WhiteElo "1468"]
[BlackElo "1559"]
[TimeControl "2700+45"]

1. d4 d5 2. Nf3 c6 3. e3 Bf5 4. Bd3 Bxd3 5. Qxd3 Nf6 6. Nbd2 e6 7. O-O Bd6 8. e4
dxe4 9. Nxe4 Nxe4 10. Qxe4 Nd7 11. Bf4 Bxf4 12. Qxf4 Nf6 13. Ne5 O-O {Game drawn
by mutual agreement} 1/2-1/2

[Event "Team 45 45 League T23"]
[Site "Internet Chess Club"]
[Date "2004.07.15"]
[Round "6"]
[White "Colonel-Klutz"]
[Black "Glassywoman"]
[Result "0-1"]
[WhiteElo "1347"]
[BlackElo "1420"]
[TimeControl "2700+45"]

1. d4 d5 2. c4 dxc4 3. e4 b5 4. Nc3 c6 5. Be3 e6 6. Nge2 Bb4 7. a3 Ba5 8. Nc1 h6
9. Na2 Nf6 10. Nb4 Bxb4 11. axb4 O-O 12. f3 Na6 13. e5 Nd5 14. Nxd5 cxd5 15. Bd2
Qh4+ 16. g3 Qxd4 17. Bc3 Qe3+ 18. Be2 Bb7 19. Bd4 Qg5 20. f4 Qe7 21. O-O Rfc8
22. b3 Qxb4 23. bxc4 bxc4 24. Rb1 Qe7 25. Bc3 Rd8 26. Qa4 Rab8 27. Bb4 Nxb4 28.
Qxb4 Qxb4 29. Rxb4 a5 30. Rb5 a4 31. Ra5 Bc6 32. Bd1 Ra8 33. Rc5 Bd7 34. Rc7 a3
35. Bc2 a2 36. Ra1 Be8 37. f5 Rdb8 38. fxe6 fxe6 39. Re7 Bf7 40. Bh7+ Kxh7 41.
Rxf7 Rb1+ 42. Rf1 Rxf1+ 43. Kxf1 Kg6 44. Ke2 Kf5 45. Kd2 Kxe5 46. Kc2 d4 47. Kb2
d3 48. Re1+ Kd5 49. Ka1 e5 50. Rd1 e4 51. Rd2 Kd4 52. h4 c3 53. Rxa2 Rxa2+ 54.
Kxa2 e3 55. Kb1 e2 56. Ka2 Ke3 57. Kb3 e1=Q 58. g4 c2 59. g5 c1=Q 60. gxh6 Qec3+
61. Ka4 Q3b2 62. hxg7 Qca1# {White checkmated} 0-1

[Event "Team 45 45 League T23"]
[Site "Internet Chess Club"]
[Date "2004.07.19"]
[Round "6"]
[White "az2112"]
[Black "ChessmanDan"]
[Result "0-1"]
[WhiteElo "1701"]
[BlackElo "1839"]
[TimeControl "2700+45"]

1. d4 Nf6 2. Nf3 g6 3. Bg5 Bg7 4. c4 d5 5. Nc3 c6 6. e3 h6 7. Bf4 O-O 8. h3 Re8
9. Bd3 dxc4 10. Bxc4 Nbd7 11. Qb3 e6 12. O-O Nd5 13. Bg3 N5b6 14. Bd3 Kh7 15.
Qc2 e5 16. Bh4 Bf6 17. Bxf6 Qxf6 18. Ne4 Qg7 19. h4 f5 20. Nd6 Rf8 21. h5 e4 22.
hxg6+ Kh8 23. Nf7+ Rxf7 24. gxf7 Qxf7 25. Bxe4 fxe4 26. Qxe4 Nf6 27. Ne5 Qg7 28.
Ng6+ Kh7 29. Nf8+ Kg8 {White resigns} 0-1

[Event "Team 45 45 League T23"]
[Site "Internet Chess Club"]
[Date "2004.07.15"]
[Round "6"]
[White "ChessicStudent"]
[Black "dondel"]
[Result "1-0"]
[WhiteElo "1581"]
[BlackElo "1556"]
[TimeControl "2700+45"]

1. d4 Nf6 2. c4 e6 3. Nc3 Bb4 4. Qc2 d5 5. a3 Bxc3+ 6. Qxc3 Ne4 7. Qc2 O-O 8.
Bf4 c6 9. e3 Nd6 10. cxd5 exd5 11. Bd3 g6 12. Nf3 Bf5 13. O-O Re8 14. Rfe1 Bxd3
15. Qxd3 Ne4 16. Nd2 Qb6 17. Nxe4 dxe4 18. Qc3 Nd7 19. Red1 Nf6 20. Qc5 Qxc5 21.
dxc5 Rad8 22. Bg5 Kg7 23. Kf1 Rd3 24. Bxf6+ Kxf6 25. Ke2 Red8 26. Rxd3 exd3+ 27.
Kd2 Ke5 28. Rc1 a5 29. Rc3 Rd5 30. b4 axb4 31. axb4 f5 32. Rxd3 Rxd3+ 33. Kxd3
f4 34. e4 g5 35. f3 h5 36. Kc4 g4 37. b5 cxb5+ 38. Kxb5 Kd4 39. Kb6 gxf3 40.
gxf3 h4 41. h3 Ke3 42. e5 Kxf3 43. e6 Kg2 44. e7 f3 45. e8=Q f2 46. Qe2 Kg1 47.
Qg4+ Kh2 48. Qf3 Kg1 49. Kxb7 f1=Q 50. Qxf1+ Kxf1 51. c6 Kg2 52. c7 Kxh3 53.
c8=Q+ Kg3 54. Qc1 h3 55. Qh1 Kg4 56. Kc6 Kg3 57. Kd5 h2 58. Ke4 Kh4 59. Qxh2+
{Black resigns} 1-0

[Event "Team 45 45 League T23"]
[Site "Internet Chess Club"]
[Date "2004.07.17"]
[Round "6"]
[White "GadsHill"]
[Black "jks2000"]
[Result "0-1"]
[WhiteElo "1498"]
[BlackElo "1565"]
[TimeControl "2700+45"]

1. d4 e6 2. c4 d5 3. Nc3 Nf6 4. cxd5 Nxd5 5. e3 c5 6. Nf3 Nc6 7. Bd3 cxd4 8.
exd4 Bb4 9. Qc2 Nf6 10. a3 Ba5 11. Be3 Bb6 12. Bb5 Bd7 13. O-O Ne7 14. Bc4 Nf5
15. Rad1 Rc8 16. Ba2 Nd5 17. Bxd5 Nxe3 18. fxe3 exd5 19. Qf2 Be6 20. Ne5 f6 21.
Nd3 O-O 22. Nf4 Re8 23. Qf3 Ba5 24. Nfxd5 Bxc3 25. Nxc3 Qb6 26. Rd2 Qa5 27. d5
Bd7 28. e4 Re5 29. Qg3 Rc4 30. Rxf6 Rexe4 31. Nxe4 Rxe4 32. Rdf2 Re1+ 33. Rf1
Qc5+ 34. Qf2 Rxf1+ 35. Kxf1 Qc1+ 36. Qe1 Qxe1+ 37. Kxe1 gxf6 38. Ke2 Kf7 39. Ke3
Ke7 40. Kd4 Kd6 41. b4 Ba4 42. Ke4 Bb3 43. Kf5 Bxd5 44. Kxf6 Bxg2 {White
resigns} 0-1

[Event "Team 45 45 League T23"]
[Site "Internet Chess Club"]
[Date "2004.07.16"]
[Round "6"]
[White "ebattousai"]
[Black "rgadoury"]
[Result "0-1"]
[WhiteElo "1481"]
[BlackElo "1452"]
[TimeControl "2700+45"]

1. e4 e6 2. d4 d5 3. Be3 dxe4 4. f3 Nf6 5. Nd2 Nd5 6. Bf2 e3 7. Bg3 exd2+ 8.
Qxd2 Be7 9. Be2 O-O 10. Nh3 Nd7 11. O-O c5 12. c4 N5f6 13. d5 exd5 14. cxd5 Qb6
15. Rad1 Nh5 16. Bf2 Bd6 17. f4 Nhf6 18. Qc2 h6 19. Be3 Re8 20. Rf3 Nf8 21. Rg3
Ne4 22. Rxg7+ Kxg7 23. Bf3 Bxh3 24. Bxe4 Bxf4 25. Qc3+ Be5 26. Bxh6+ Kxh6 27.
Qxh3+ Kg7 28. Qg4+ Ng6 29. Bxg6 Bd4+ 30. Kf1 Qxg6 31. Rxd4 cxd4 32. Qxd4+ Qf6+
33. Qxf6+ Kxf6 34. Kf2 Rad8 35. g4 Rxd5 36. h4 Rd2+ 37. Kf3 Rxb2 38. g5+ Kg6 39.
Kg4 Rh8 40. a4 f5+ 41. gxf6 Kxf6 42. a5 Rb4+ {White resigns} 0-1

[Event "Team 45 45 League T23"]
[Site "Internet Chess Club"]
[Date "2004.07.19"]
[Round "6"]
[White "Aldos"]
[Black "Nikolay"]
[Result "0-1"]
[WhiteElo "2079"]
[BlackElo "2314"]
[TimeControl "2700+45"]

1. e4 c5 2. Nf3 Nc6 3. Bb5 d6 4. c3 Nf6 5. Qe2 Bd7 6. O-O a6 7. Ba4 b5 8. Bc2 e5
9. d3 Be7 10. h3 O-O 11. Be3 d5 12. exd5 Nxd5 13. Nbd2 Be6 14. Ne4 c4 15. d4
Nxe3 16. Qxe3 exd4 17. Nxd4 Nxd4 18. cxd4 Re8 19. Rad1 Bd5 20. Nc3 Bb4 21. Qg3
Bxc3 22. bxc3 Re2 23. Bb1 Qe7 24. Qg4 g6 25. f3 Qe3+ 26. Kh2 Re8 27. Qd7 Qf4+
28. Kh1 Qg3 {White resigns} 0-1